 Dungeon Crawl Stone Soup version 0.29.1-15-g9cfb28693d (webtiles) character file.

Game seed: 515746251558178991

7196 Heoruswealwe the Eclecticist (level 10, -9/50 HPs)
             Began as a Deep Elf Summoner on Feb 22, 2023.
             Was a High Priest of Lugonu.
             Shot with a bolt by an orc warrior (23 damage)
             ... on level 9 of the Dungeon.
             The game lasted 03:06:33 (11901 turns).

Heoruswealwe the Eclecticist (Deep Elf Summoner)   Turns: 11901, Time: 03:06:33

Health: -9/50      AC: 10    Str:  5    XL:     10   Next: 87%
Magic:  21/31      EV: 16    Int: 25    God:    Lugonu [*****.]
Gold:   579        SH:  0    Dex: 15    Spells: 13/39 levels left

rFire   . . .      SeeInvis .   d - +2 longbow (vorpal)
rCold   . . .      Faith    .   (shield currently unavailable)
rNeg    . . .      Spirit   .   S - +0 steam dragon scales
rPois   .          Reflect  .   l - +1 helmet of Compression {Will+}
rElec   .          Harm     .   e - +0 cloak
rCorr   .          Rampage  .   X - +0 pair of gloves
Will    ++...                   J - +0 pair of boots
Stlth   ++........              (no amulet)
HPRegen 0.16/turn               T - +4 ring of evasion
MPRegen 0.22/turn               (no ring)

@: studying Shields
A: no striking features
a: Renounce Religion, Depart the Abyss, Bend Space, Banish, Corrupt, Enter the
Abyss


You were on level 9 of the Dungeon.
You worshipped Lugonu.
Lugonu was extremely pleased with you.
You visited 2 branches of the dungeon, and saw 10 of its levels.
You also visited: Bailey.

You collected 705 gold pieces.
You spent 126 gold pieces at shops.

Inventory:

Hand Weapons
 d - a +2 vorpal longbow (weapon)
 j - a +0 great mace
 x - a +3 whip
 O - a +0 morningstar
 U - a +0 mace
Missiles
 m - 2 poisoned darts
 G - a throwing net
 N - a boomerang
Armour
 e - a +0 cloak (worn)
 l - the +1 helmet of Compression (worn) {Will+}
   (You found it on level 2 of the Dungeon)

   Will:      It increases your willpower.
 n - a +0 leather armour
 o - a +0 scale mail
 q - a +0 leather armour
 B - a +0 kite shield
 C - a +0 ring mail
 J - a +0 pair of boots (worn)
 M - a +0 robe
 P - a +0 leather armour
 R - a +0 cloak
 S - +0 steam dragon scales (worn)
 V - a +0 leather armour
 W - a +0 robe
 X - a +0 pair of gloves (worn)
 Z - a +0 robe
Jewellery
 T - a +4 ring of evasion (left hand)
Wands
 w - a wand of paralysis (11)
 D - a wand of polymorph (5)
Scrolls
 a - a scroll of teleportation
 k - 7 scrolls of fear
 v - 3 scrolls of blinking
 y - 2 scrolls of amnesia
Potions
 b - 4 potions of magic
 h - a potion of cancellation
 p - 6 potions of curing
 s - a potion of brilliance
 t - 4 potions of flight
 L - 2 potions of lignification


   Skills:
 - Level 2.4 Dodging
 - Level 2.4 Stealth
 + Level 15.4 Spellcasting
 + Level 13.5 Summonings


You had 13 spell levels left.
You knew the following spells:

 Your Spells              Type           Power      Damage    Failure   Level
a - Summon Mana Viper     Hex/Summ       52%        N/A       4%          5
b - Call Canine Familiar  Summ           72%        N/A       1%          3
c - Summon Guardian Gole  Hex/Summ       52%        N/A       1%          3
d - Summon Ice Beast      Ice/Summ       52%        N/A       1%          4
e - Summon Lightning Spi  Summ/Air       52%        N/A       1%          4
f - Monstrous Menagerie   Summ           36%        N/A       9%          7

Your spell library contained the following spells:

 Spells                   Type           Power      Damage    Failure   Level
 Summon Small Mammal      Summ           100%       N/A       0%          1
 Call Imp                 Summ           72%        N/A       0%          2
 Freeze                   Ice            76%        1d9       2%          1
 Slow                     Hex            76%        N/A       2%          1
 Blink                    Tloc           38%        N/A       4%          2
 Static Discharge         Conj/Air       19%        3-6/arc   4%          2
 Confusing Touch          Hex            19%        N/A       9%          3
 Dazzling Flash           Conj/Hex       38%        N/A       9%          3
 Frozen Ramparts          Ice            38%        1d6       9%          3
 Lesser Beckoning         Tloc           19%        N/A       9%          3
 Vampiric Draining        Necr           19%        2d7       9%          3
 Hailstorm                Conj/Ice       19%        3d6       28%         4
 Iskenderun's Mystic Bla  Conj/Tloc      19%        2d6       28%         4
 Petrify                  Tmut/Erth      19%        N/A       28%         4
 Lightning Bolt           Conj/Air       9%         1d22      61%         5
 Manifold Assault         Tloc           19%        N/A       61%         5
 Metabolic Englaciation   Hex/Ice        9%         N/A       61%         5
 Starburst                Conj/Fire      9%         6d5       99%         6
 Statue Form              Tmut/Erth      12%        N/A       99%         6
 Maxwell's Capacitive Co  Air            9%         ∞         100%        8


Dungeon Overview and Level Annotations

Branches:
Dungeon (9/15)             Temple (1/1) D:5          Bailey (visited)
   Lair: D:8-11         Orc: D:9-12

Altars:
Ashenzari
Cheibriados
Dithmenos
Elyvilon
Fedhas
Gozag
Hepliaklqana
Kikubaaqudgha
Makhleb
Nemelex Xobeh
Okawaru
Qazlal
Ru
Sif Muna
Trog
Uskayaw
Vehumet
Wu Jian
Xom
Yredelemnul
Lugonu

Shops:
D:3 [


Message History

Your lindwurm claws the hornet but does no damage.
Your lindwurm barely misses the hornet.
Your ice beast hits the hornet.
Your ice beast freezes the hornet!
Your lindwurm barely misses the hornet.
Your lindwurm misses the hornet.
Your lindwurm claws the hornet but does no damage.
The hornet barely misses you.
Your warg bites the hornet!
The hornet dies!
Lugonu accepts your kill.
Items here: )))))))))))))))) †.
You swap places.
Things that are here:
an orc corpse; an orc corpse You feel yourself speed up.
You open the large door.
An orc warrior comes into view. It is wielding a +0 halberd.
The orc warrior unwields a +0 halberd.
The orc warrior wields a +0 arbalest.
The orc warrior shoots a bolt.
The bolt misses you.
There is a large open door here.
The orc warrior shoots a bolt.
The bolt hits you!!
* * * LOW HITPOINT WARNING * * *
You hear a shout!
The orc warrior shoots a bolt.
The bolt barely misses you.
There is a large open door here.
The orc warrior shoots a bolt.
The bolt hits your warg!!
The orc warrior shoots a bolt.
The bolt barely misses you.
An orc comes into view. It is wielding a +0 mace.
The orc warrior shoots a bolt.
The bolt closely misses your warg. The bolt hits your lindwurm!
Your warg bites the orc warrior.
The orc warrior unwields a +0 arbalest.
The orc warrior wields a +0 halberd.
The orc warrior hits your warg with a +0 halberd!!
Your warg dies!
Your warg's corpse disappears in a puff of smoke!
Your lindwurm bites the orc warrior but does no damage.
Your lindwurm closely misses the orc warrior.
Your lindwurm claws the orc warrior but does no damage.
The orc warrior unwields a +0 halberd.
The orc warrior wields a +0 arbalest.
The orc warrior shoots a bolt.
The bolt barely misses your lindwurm. The bolt hits you!!
You die...

..# ##....8........ ..#
#.............
..######............
.........#........o#
................oYk# .#
...................#...#
....####'###.......#...#
....#......#.......#...#####
....'......'..>#@'##.......#
....#......#...'...........#
....#......#...#...........#
....#......#...#...........#
....########...#..†........#
...............#...).......#
.#####.....#####...........'
.# #.....#...............#
.# #.....##..............#


You could see an orc warrior (ally target), an orc, a friendly lindwurm
(summoned) and a friendly ice beast (summoned).

Vanquished Creatures
  Prince Ribbit (D:6)
  A water moccasin (D:8)
  An ice beast (D:5)
  An orc warrior (Bailey)
  A phantom (D:4)
  A hound (D:7)
  A jelly (D:5)
  An orc priest (D:5)
  An iguana (D:5)
  2 orc wizards (D:3)
  5 gnolls
  A dart slug (D:4)
  4 orcs
  2 ball pythons (D:1)
  A giant cockroach (D:1)
  A goblin (D:2)
  A hobgoblin (D:2)
  3 quokkas
  3 bats
  3 rats
35 creatures vanquished.

Vanquished Creatures (collateral kills)
  The ghost of BabyfaceFinlayson the Ogre Mage, a novice OgCA of Ignis (D:6)
  Maurice (D:8)
  Maggie (D:8)
  A hornet (D:9)
  Grinder (D:6)
  Grum (D:8)
  Duvessa (D:5)
  11 orc warriors (Bailey)
  2 water moccasins
  2 ice beasts
  2 ogres
  4 wolves (D:8)
  11 centaurs
  A kobold brigand (D:7)
  A bullfrog (D:8)
  A gnoll sergeant (D:9)
  A scorpion (D:5)
  A necrophage (D:8)
  Dowan (D:5)
  6 killer bees (D:7)
  2 gnoll boudas
  An orc priest (D:9)
  2 hounds
  2 jellies
  Natasha (thrice) (D:3)
  7 iguanas
  2 orc wizards (D:9)
  7 hell rats (D:6)
  8 adders
  11 gnolls
  12 river rats (D:6)
  A shadow imp (D:8)
  A white imp (D:7)
  4 dart slugs
  2 worms
  39 orcs
  5 ball pythons
  5 bats
  An endoplasm (D:4)
  5 giant cockroaches
  11 goblins
  4 hobgoblins
  9 kobolds
  5 quokkas
  10 frilled lizards
  8 rats
218 creatures vanquished.

Vanquished Creatures (others)
  41 plants
41 creatures vanquished.

Grand Total: 294 creatures vanquished

Notes
Turn   | Place    | Note
-------+----------+-------------------------------------------
     0 | D:1      | Heoruswealwe the Deep Elf Summoner began the quest for the
                  | Orb.
     0 | D:1      | Reached XP level 1. HP: 10/10 MP: 6/6
   128 | D:1      | Reached XP level 2. HP: 14/15 MP: 5/8
   452 | D:1      | Found a faded altar of an unknown god.
   460 | D:1      | Prayed at the altar of an unknown god.
   460 | D:1      | Became a worshipper of Lugonu the Unformed
   460 | D:1      | Reached * piety under Lugonu
   460 | D:1      | Reached ** piety under Lugonu
   613 | D:1      | Reached skill level 4 in Spellcasting
   633 | D:1      | Reached skill level 5 in Summonings
   633 | D:1      | Reached XP level 3. HP: 9/19 MP: 10/10
   696 | D:1      | Learned a level 3 spell: Call Canine Familiar
   996 | D:2      | Identified the +1 helmet of Compression {Will+}
  1348 | D:2      | Reached XP level 4. HP: 22/24 MP: 8/12
  2273 | D:3      | Reached *** piety under Lugonu
  2376 | D:3      | Noticed Natasha
  2383 | D:3      | Killed Natasha
  2384 | D:3      | Reached skill level 5 in Spellcasting
  2420 | D:3      | Noticed Natasha
  2435 | D:3      | Killed Natasha
  2436 | D:3      | Reached XP level 5. HP: 7/28 MP: 8/14
  2976 | D:3      | Found Wef Xixi's Antique Armour Shop.
  3063 | D:3      | Bought a cloak for 126 gold pieces
  3094 | D:3      | Noticed Natasha
  3105 | D:3      | Killed Natasha
  3106 | D:3      | Reached skill level 6 in Spellcasting
  3473 | D:1      | You fall into a shaft and drop 1 floor!
  3634 | D:4      | Reached XP level 6. HP: 32/32 MP: 13/17
  3707 | D:4      | Found a sparkling altar of Nemelex Xobeh.
  3709 | D:4      | Found a radiant altar of Vehumet.
  4397 | D:5      | Entered Level 5 of the Dungeon
  4420 | D:5      | Reached skill level 7 in Spellcasting
  4453 | D:5      | Found an ornate altar of the Wu Jian Council.
  4511 | D:5      | Reached XP level 7. HP: 36/36 MP: 18/20
  4659 | D:5      | Reached skill level 8 in Spellcasting
  4809 | D:5      | Reached **** piety under Lugonu
  4910 | D:5      | Noticed Dowan
  4911 | D:5      | Noticed Duvessa
  4918 | D:5      | Found a staircase to the Ecumenical Temple.
  4948 | D:5      | Killed Duvessa
  4952 | D:5      | Killed Dowan
  4976 | Temple   | Entered the Ecumenical Temple
  5274 | D:5      | Reached skill level 9 in Spellcasting
  5437 | D:5      | Reached XP level 8. HP: 41/41 MP: 19/23
  6005 | D:1      | Learned a level 3 spell: Summon Guardian Golem
  6010 | D:1      | Learned a level 4 spell: Summon Ice Beast
  6015 | D:1      | Learned a level 4 spell: Summon Lightning Spire
  6226 | D:6      | Noticed Grinder
  6526 | D:6      | Noticed BabyfaceFinlayson's ghost (novice OgCA)
  6534 | D:6      | Killed Grinder
  6565 | D:6      | Reached skill level 10 in Spellcasting
  6999 | D:6      | Found the +2 ratskin cloak {*Rats rPois rN+ Str-1 Int-1
                  | Dex+1}
  7073 | D:6      | Reached ***** piety under Lugonu
  7097 | D:6      | Noticed Prince Ribbit
  7123 | D:6      | Killed Prince Ribbit
  7124 | D:6      | Reached skill level 11 in Spellcasting
  7124 | D:6      | Reached skill level 10 in Summonings
  7219 | D:6      | Reached XP level 9. HP: 7/45 MP: 22/26
  7311 | D:6      | Found a runed translucent door.
  7348 | D:6      | Killed BabyfaceFinlayson's ghost
  7349 | D:6      | Reached skill level 12 in Spellcasting
  7859 | D:7      | Found a flagged portal.
  7988 | Bailey   | Entered a bailey
  8242 | Bailey   | Reached skill level 13 in Spellcasting
  8643 | Bailey   | Reached XP level 10. HP: 50/50 MP: 20/29
  8707 | Bailey   | HP: 1/50 [centaur/javelin (10)]
  9020 | Bailey   | Learned a level 5 spell: Summon Mana Viper
  9028 | Bailey   | Learned a level 7 spell: Monstrous Menagerie
  9092 | Bailey   | Reached skill level 14 in Spellcasting
  9175 | Bailey   | Acquired a +2 vorpal longbow
  9962 | D:7      | Found a hazy altar of Hepliaklqana.
  9978 | D:7      | Found a blossoming altar of Fedhas.
 10434 | D:8      | Noticed Grum
 10439 | D:8      | Killed Grum
 10500 | D:8      | Noticed Maggie
 10518 | D:8      | Killed Maggie
 10776 | D:8      | Found an opulent altar of Gozag.
 10845 | D:8      | Reached skill level 15 in Spellcasting
 10845 | D:8      | Noticed Maurice
 10867 | D:8      | Killed Maurice
 11901 | D:9      | Shot with a bolt by an orc warrior

Illustrated notes

Levels and vault maps discovered:
D:1:      saegor_arrival_simple_c, layout_rooms,
          hellmonk_ecumenical_altar_defaced_shrine, serial_bayou_lake_a
D:2:      layout_basic
D:3:      layout_loops_cross, serial_shops, nicolae_lakefront_shop, uniq_natasha
D:4:      layout_rooms, nicolae_overflow_squiral
D:5:      layout_gridville, nicolae_wu_jian_wuxing_cycle,
          minmay_temple_entry_large_hall, minmay_lizard_king, uniq_duvessa
D:6:      wander_guarded_unrand_ratskin, layout_rooms,
          hellmonk_ghost_happy_afterlife, minmay_ogre_servants, uniq_grinder,
          uniq_prince_ribbit1
D:7:      layout_gridville, mainiacjoe_overflow_swirl, enter_bailey_2
D:8:      layout_cave_pools, nicolae_gozag_cash_rules_everything_around_me,
          uniq_maggie, uniq_grum, uniq_maurice
D:9:      layout_irregular_city, gammafunk_temple_overflow_elements,
          serial_shops, kennysheep_mini_moat, serial_column_ruins,
          column_ruins_temple_hall, column_ruins_open_tiny,
          column_ruins_corridor_straight, column_ruins_grid_3,
          column_ruins_corridor_straight, column_ruins_open_large,
          kennysheep_donut
Temple:   minmay_temple_curvy_branch

Skill      XL: |  1  2  3  4  5  6  7  8  9 10 |
---------------+-------------------------------+-----
Spellcasting   | 4 5 6 7 9 11 13 15 | 15.4
Summonings     | 5 6 7 8 10 12 13 | 13.5
Dodging        | |  2.4
Stealth        | |  2.4

Action                   |  1- 3 |  4- 6 |  7- 9 | 10-12 || total
-------------------------+-------+-------+-------+-------++-------
Melee: Rapier            |   191 |    24 |       |       ||   215
       Punch             |     2 |       |       |       ||     2
       Falchion          |       |     1 |    19 |       ||    20
       Long sword        |       |       |     8 |       ||     8
 Fire: Longbow           |       |       |       |    37 ||    37
 Cast: Summon Small Mamm |    24 |       |       |       ||    24
       Call Canine Famil |     4 |    26 |    36 |    11 ||    77
       Summon Ice Beast  |       |       |     9 |     9 ||    18
       Summon Lightning  |       |       |     7 |    10 ||    17
       Summon Guardian G |       |       |     1 |       ||     1
       Monstrous Menager |       |       |       |     6 ||     6
  Use: Scroll            |     3 |     3 |     9 |     3 ||    18
       Potion            |     1 |     2 |       |     6 ||     9
 Stab: Sleeping          |     2 |       |       |       ||     2
Armor: Robe              |    15 |     7 |    15 |     1 ||    38
Dodge: Dodged            |    51 |    19 |    60 |    45 ||   175
